 Dungeon Crawl Stone Soup version 0.21.1-1-g345015fe64 (webtiles) character file.

88 JarielCorvus the Magician (level 4, -4/24 HPs)
             Began as a Deep Elf Fire Elementalist on July 5, 2018.
             Slain by a goblin (5 damage)
             ... on level 2 of the Dungeon.
             The game lasted 00:04:51 (1514 turns).

JarielCorvus the Magician (DEFE)                    Turns: 1514, Time: 00:04:51

Health: -4/24      AC:  2    Str:  9    XL:     4   Next: 29%
Magic:  0/12       EV: 13    Int: 21    God:
Gold:   82         SH:  0    Dex: 18    Spells: 3/12 levels left

rFire    . . .     SeeInvis .   h - +0 hunting sling
rCold    . . .     Gourm    .   (no shield)
rNeg     . . .     Faith    .   a - +0 robe
rPois    .         Spirit   .   (no helmet)
rElec    .         Reflect  .   (no cloak)
rCorr    .         Harm     .   (no gloves)
MR       .....                  (no boots)
Stlth    ++........             (no amulet)
HPRegen  0.08/turn              e - +4 ring of strength
MPRegen  0.13/turn              j - +3 ring of dexterity

@: no status effects
A: no striking features
a: no special abilities


You were on level 2 of the Dungeon.
You were hungry.

You visited 1 branch of the dungeon, and saw 2 of its levels.

You collected 82 gold pieces.

Inventory:

Hand Weapons
 h - a +0 hunting sling (weapon)
Missiles
 d - 8 stones (quivered)
Armour
 a - a +0 robe (worn)
Jewellery
 e - a +4 ring of strength (left hand)
 j - a +3 ring of dexterity (right hand)
Scrolls
 g - a scroll of random uselessness {unknown}
 i - 2 scrolls of identify
 l - a scroll of remove curse
 m - a scroll of teleportation {unknown}
Potions
 f - a potion of invisibility
 k - a potion of lignification {unknown}
 n - a potion of flight {unknown}
Books
 b - a book of Flames

   Spells                             Type                      Level
   a - Flame Tongue                   Conjuration/Fire             1
   b - Throw Flame                    Conjuration/Fire             2
   c - Conjure Flame                  Conjuration/Fire             3
   d - Inner Flame                    Hexes/Fire                   3
   e - Sticky Flame                   Conjuration/Fire             4
   f - Fireball                       Conjuration/Fire             5
Comestibles
 c - 2 rations


   Skills:
 - Level 2.4 Dodging
 - Level 2.4 Stealth
 * Level 4.9 Spellcasting
 + Level 2.3 Conjurations
 + Level 4.0 Fire Magic


You had 3 spell levels left.
You knew the following spells:

 Your Spells              Type           Power        Failure   Level  Hunger
a - Flame Tongue          Conj/Fire      ###..        3%          1    None
b - Throw Flame           Conj/Fire      ###...       4%          2    None
c - Conjure Flame         Conj/Fire      ###.....     9%          3    ##.....
d - Inner Flame           Hex/Fire       ##......     14%         3    ##.....


Dungeon Overview and Level Annotations

Branches:
Dungeon (2/15)

Altars:

Annotations:
D:2 Robin


Message History

Robin closely misses you. The goblin closely misses you. x2
Robin closely misses you.
Casting: Flame Tongue
Confirm with . or Enter, or press ? or * to list all spells.
Aiming: Flame Tongue
Press: ? - help, Shift-Dir - straight line, f - goblin
Aim: a goblin, wielding a dagger (unusually strong)
The flame tongue hits the goblin.
You kill the goblin!
The goblin misses you. Robin throws the goblin at you!
* * * LOW HITPOINT WARNING * * *
Casting: Flame Tongue
Confirm with . or Enter, or press ? or * to list all spells.
Aiming: Flame Tongue
Press: ? - help, Shift-Dir - straight line, f - goblin
Aim: a goblin (unusually strong)
The flame tongue hits the goblin.
You kill the goblin!
The goblin hits you.
You die...

..... ... #..# #.......#
..... .. #.## #.......#
.....##.# #.# #........
#.##..#.. ##.# #†.....##
#.....gg#####..######.#######
.g....ggg(.)g.....)..[.......
##..########.g#######..######
...# #g## ####.## ###.## ##@#
###.....#
#....###g)####.).#####
#.....<........###
#.(..##..[.....#
##....##........#
#..)............####
............##.###....###
.....####...............#
..... ###.##.#######..######


You could see Robin, a hobgoblin and 2 goblins.

Vanquished Creatures
  4 adders (D:2)
  2 dart slugs
  10 bats
  A giant cockroach (D:1)
  11 goblins
  3 hobgoblins
  4 jackals (D:1)
  3 kobolds (D:2)
  4 frilled lizards
  4 rats
46 creatures vanquished.

Notes
Turn   | Place    | Note
-------+----------+-------------------------------------------
     0 | D:1      | JarielCorvus the Deep Elf Fire Elementalist began the quest for the Orb.
     0 | D:1      | Reached XP level 1. HP: 10/10 MP: 6/6
   254 | D:1      | Reached XP level 2. HP: 15/15 MP: 5/8
   259 | D:1      | Learned a level 2 spell: Throw Flame
   893 | D:2      | Reached XP level 3. HP: 19/19 MP: 6/10
  1252 | D:2      | Learned a level 3 spell: Conjure Flame
  1256 | D:2      | Learned a level 3 spell: Inner Flame
  1480 | D:2      | Reached XP level 4. HP: 24/24 MP: 9/12
  1486 | D:2      | Noticed Robin
  1513 | D:2      | HP: 1/24 [Robin/goblin (3)]
  1514 | D:2      | Slain by a goblin

Skill      XL: |  1  2  3  4 |
---------------+-------------+-----
Spellcasting   | 4 |  4.9
Conjurations   | 2 |  2.3
Fire Magic     | 4 |  4.0
Dodging        | |  2.4
Stealth        | |  2.4

Action                   |  1- 3 |  4- 6 || total
-------------------------+-------+-------++-------
Melee: Hunting sling     |       |     8 ||     8
 Fire: Hunting sling     |       |     9 ||     9
 Cast: Flame Tongue      |    57 |     8 ||    65
       Throw Flame       |     1 |     2 ||     3
       Inner Flame       |       |     1 ||     1
  Use: Scroll            |     7 |       ||     7
  Eat: Chunk             |     1 |       ||     1
Armor: Robe              |     2 |    11 ||    13
Dodge: Dodged            |    25 |    29 ||    54
